 Dungeon Crawl Stone Soup version 0.22-a0-388-g09e6169 (webtiles) character file.

30 Mgcat the Insei (level 3, -1/23 HPs)
             Began as an Octopode Transmuter on Apr 29, 2018.
             Killed from afar by an orc wizard (6 damage)
             ... with a magic dart
             ... on level 2 of the Dungeon.
             The game lasted 00:02:28 (1325 turns).

Mgcat the Insei (Octopode Transmuter)               Turns: 1325, Time: 00:02:28

Health: -1/23      AC:  1    Str:  9    XL:     3   Next: 18%
Magic:  5/6        EV: 13    Int: 16    God:
Gold:   60         SH:  0    Dex: 12    Spells: 0/6 levels left

rFire    . . .     SeeInvis .   b - +1 dagger (holy)
rCold    . . .     Gourm    .   (no shield)
rNeg     . . .     Faith    .   (helmet restricted)
rPois    .         Spirit   .   (no amulet)
rElec    .         Reflect  .   (no ring)
rCorr    .         Harm     .   (no ring)
MR       .....                  (no ring)
Stlth    ++........             (no ring)
HPRegen  0.07/turn              (no ring)
MPRegen  0.10/turn              (no ring)
                                (no ring)
                                (no ring)

@: appendage (expiring), very slightly contaminated
A: almost no armour, stealthy swim, amphibious, 8 rings, constrict 8, tentacle
spike 3, camouflage 1, gelatinous body 1
a: End Transformation


You were on level 2 of the Dungeon.
You were not hungry.
One of your tentacles had a temporary spike.
You visited 1 branch of the dungeon, and saw 2 of its levels.

You collected 60 gold pieces.

Inventory:

Hand Weapons
 b - a +1 dagger of holy wrath (weapon)
   (You took it off a kobold on level 1 of the Dungeon)
Missiles
 a - 31 arrows
Scrolls
 e - a scroll of enchant armour {unknown}
 f - a scroll of teleportation {unknown}
 h - 4 scrolls of identify {unknown}
 j - a scroll of remove curse {unknown}
Potions
 g - a potion of magic {unknown}
 i - a potion of agility {unknown}
Comestibles
 c - 3 rations
 d - 6 chunks of flesh {@w0}


   Skills:
 - Level 1.0 Fighting
 - Level 2.0 Dodging
 + Level 3.6 Unarmed Combat
 - Level 2.0 Spellcasting
 + Level 2.8 Transmutations
 + Level 0.2 Poison Magic


You couldn't memorise any spells.
You knew the following spells:

 Your Spells              Type           Power        Failure   Level  Hunger
a - Beastly Appendage     Tmut           ##....       6%          1    #......
b - Sticks to Snakes      Tmut           ##......     10%         2    ###....
c - Spider Form           Tmut/Pois      #.........   32%         3    ###....


Dungeon Overview and Level Annotations

Branches:
Dungeon (2/15)

Altars:


Innate Abilities, Weirdness & Mutations

You cannot wear most types of armour.
You are very stealthy in the water. (Stealth+)
You are amphibious.
You can wear up to eight rings at the same time.
You can use your tentacles to constrict eight enemies at once.
Your skin changes colour to match your surroundings (Stealth+).
Your rubbery body absorbs attacks. (AC +1, EV +1)
One of your tentacles bears a large vicious spike.


Message History

Wield which item (- for none, * to show all)? (? for menu, Esc to quit)
Your +1 dagger of holy wrath softly glows with a divine radiance!
b - a +1 dagger of holy wrath (weapon)
Drop what? 10/52 slots (_ for help) (? for menu, Esc to quit)
You drop a +0 hand axe of draining.
Your tentacle spike disappears.
You butcher the giant cockroach corpse.
d - 3 chunks of flesh {@w0} (gained 2)
You butcher the hobgoblin corpse.
d - 7 chunks of flesh {@w0} (gained 4)
You see here a club. x2
Done exploring.
Done exploring.
Done exploring.
Done exploring.
Done exploring.
Done exploring.
Done exploring.
Done exploring.
(D) Dungeon
Where to? (? - help)
What level of the Dungeon? (default 1, ? - help)
You see here a +0 hand axe of draining.
There is an open door here.
There is a stone staircase leading down here.
You climb downwards.
A bat and a rat come into view.
There is a stone staircase leading up here.
Casting: Beastly Appendage (safe; 6% risk of failure)
Confirm with . or Enter, or press ? or * to list all spells.
One of your tentacles grows a vicious spike.
You are feeling hungry.
The bat closely misses you. The bat hits you but does no damage.
You hit the bat. Your grab misses the bat.
The bat is moderately wounded.
The bat closely misses you. The bat misses you.
The bat hits you but does no damage. The bat barely misses you.
You hit the bat.
You kill the bat!
The rat closely misses you.
You hit the rat.
You kill the rat!
Your transformation is almost over.
No target in view!
No target in view!
No target in view!
Eating one of 7 chunks of flesh {@w0}.
You eat one of the 7 chunks of flesh {@w0}.
This raw flesh tastes terrible.
Magic restored.
j - a scroll labeled QABIOXOVOQ
There is a stone staircase leading up here.
Found a stone staircase leading up.
Your tentacle spike disappears.
You now have 60 gold pieces (gained 12).
An orc comes into view. It is wielding a club.
An orc is nearby!
Casting: Beastly Appendage (safe; 6% risk of failure)
Confirm with . or Enter, or press ? or * to list all spells.
You miscast Beastly Appendage.
You are very lightly contaminated with residual magic.
Nothing appears to happen.
The orc shouts!
The orc throws a stone.
The stone hits you.
The orc throws a stone.
The stone closely misses you.
Casting: Beastly Appendage (safe; 6% risk of failure)
Confirm with . or Enter, or press ? or * to list all spells.
One of your tentacles grows a vicious spike.
The orc throws a stone.
The stone completely misses you.
The orc throws a stone.
The stone barely misses you.
An orc and an orc wizard come into view.
The orc shouts!
You hear an angry hiss. x2
A goblin comes into view. It is wielding a dagger.
The goblin shouts!
The orc throws a stone.
The stone closely misses you.
The orc wizard gestures at you while chanting.
The puff of frost hits you!
You are too injured to fight recklessly!
You closely miss the orc. You grab the orc.
You constrict the orc, but do no damage.
The orc escapes!
You completely miss the orc wizard. You grab the orc wizard.
Your transformation is almost over.
You constrict the orc wizard, but do no damage.
The orc hits you with a club. The orc wizard hits you with a dagger.
You hit the orc wizard but do no damage.
You constrict the orc wizard, but do no damage.
The orc wizard hits you with a dagger. The orc hits you with a club.
* * * LOW HITPOINT WARNING * * *
You hit the orc wizard but do no damage.
You constrict the orc wizard, but do no damage.
The orc wizard hits you but does no damage.
The orc closely misses you.
You hit the orc wizard but do no damage.
You constrict the orc wizard, but do no damage.
The orc wizard gestures at you while chanting.
The magic dart hits you!
You die...

..... ..#.. ......
...... ...g# #oo.
#o.################
##o...............
#@o#$((...[.......
#..$..............
....##..#...........
.##.................
#%
#.#............... #
#..#...............
#.#................
............##.#..
..........##...#


You could see an orc wizard and an orc.

Vanquished Creatures
  A dart slug (D:1)
  A leopard gecko (D:1)
  A giant cockroach (D:1)
  2 goblins (D:1)
  4 hobgoblins (D:1)
  3 jackals (D:1)
  2 ball pythons (D:1)
  2 bats
  2 frilled lizards (D:1)
  5 kobolds (D:1)
  4 rats
27 creatures vanquished.

Notes
Turn   | Place    | Note
-------+----------+-------------------------------------------
     0 | D:1      | Mgcat the Octopode Transmuter began the quest for the Orb.
     0 | D:1      | Reached XP level 1. HP: 13/13 MP: 3/3
   180 | D:1      | Reached XP level 2. HP: 7/18 MP: 3/5
  1022 | D:1      | Reached XP level 3. HP: 18/23 MP: 3/6
  1027 | D:1      | Learned a level 2 spell: Sticks to Snakes
  1031 | D:1      | Learned a level 3 spell: Spider Form
  1323 | D:2      | HP: 5/23 [orc/club (6)]
  1325 | D:2      | Killed from afar by an orc wizard

Vault maps used:
D:1:      erik_arrival_cave_to_civilisation, lemuel_old_faithful
D:2:      cheibrodos_helix_gallery, first_ration, uniq_crazy_yiuf_cottage,
          uniq_sigmund

Action                   || total
-------------------------++-------
Melee: Unarmed           ||    10
       Dagger            ||    48
       Constrict         ||    18
       Kick              ||     7
       Tentacles         ||     5
       Punch             ||     1
 Cast: Beastly Appendage ||    18
 Stab: Sleeping          ||     4
  Eat: Chunk             ||     2
Armor: Skin              ||     9
Dodge: Dodged            ||    46

Table legend:
 A = Spawn XP
 B = Non-spawn XP
 C = Spawn XP percentage of total XP
 D = Spawn monster count
 E = Non-spawn monster count
 F = Spawn count percentage of total count
 G = Total turns spent on level
                    A         B        C        D         E        F      G
               +---------+---------+-------+---------+---------+-------+---------
         Total |       0 |      43 |   0.0 |       0 |      27 |   0.0 |  1325
               +---------+---------+-------+---------+---------+-------+---------
           D:1 |       0 |      41 |   0.0 |       0 |      25 |   0.0 |  1284
           D:2 |       0 |       2 |   0.0 |       0 |       2 |   0.0 |    41
               +---------+---------+-------+---------+---------+-------+---------

Vault maps used:
D:1:      erik_arrival_cave_to_civilisation, lemuel_old_faithful
D:2:      cheibrodos_helix_gallery, first_ration, uniq_crazy_yiuf_cottage,
          uniq_sigmund

Table legend:
 A = Turns spent in this place as a percentage of turns spent in the entire game.
 B = Non-inter-level travel turns spent in this place as a percentage of non-inter-level travel turns spent in the entire game.
 C = Inter-level travel turns spent in this place as a percentage of turns spent in this place.
 D = Turns resting spent in this place as a percentage of non-inter-level travel turns spent in this place.
 E = Turns spent auto-exploring this place as a percentage of non-inter-level travel turns spent in this place.
 F = Non-inter-level travel turns spent in this place divided by the number of levels of this place that you've seen.
                   A       B       C       D       E      F
               +-------+-------+-------+-------+-------+----------------------
         Total | 100.0 | 100.0 |   3.1 |   0.0 |  82.8 | 642.0
       Dungeon | 100.0 | 100.0 |   3.1 |   0.0 |  82.8 | 642.0
               +-------+-------+-------+-------+-------+----------------------

Table legend:
 A = Kills in this place as a percentage of kills in entire the game.
 B = Kills by you in this place as a percentage of kills by you in the entire game.
 C = Kills by friends in this place as a percentage of kills by friends in the entire game.
 D = Other kills in this place as a percentage of other kills in the entire game.
 E = Experience gained in this place as a percentage of experience gained in the entire game.
 F = Experience gained in this place divided by the number of levels of this place that you have seen.
                   A       B       C       D       E      F
               +-------+-------+-------+-------+-------+----------------------
         Total | 100.0 | 100.0 |   N/A |   N/A | 100.0 |  21.5
       Dungeon | 100.0 | 100.0 |   N/A |   N/A | 100.0 |  21.5
               +-------+-------+-------+-------+-------+----------------------
